 Dungeon Crawl Stone Soup version 0.32-a0-350-g4f4d228785 (webtiles) character file.

Game seed: 6094240291090327744

122 Bobbunny the Shooter (level 5, -5/32 HPs)
             Began as a Kobold Hexslinger on Feb 18, 2024.
             Slain by a gnoll
             ... wielding a +0 flail
              (10 damage)
             ... on level 4 of the Dungeon.
             The game lasted 00:02:41 (1938 turns).

Bobbunny the Shooter (Kobold Hexslinger)            Turns: 1938, Time: 00:02:42

Health: -5/32      AC:  2    Str:  6    XL:     5   Next: 27%
Magic:  6/6        EV: 15    Int: 14    God:
Gold:   160        SH:  0    Dex: 19    Spells: 6/6 levels left

rFire   . . .        a - +1 sling
rCold   . . .        (no shield)
rNeg    . . .        c - +0 robe
rPois   .            (no helmet)
rElec   .            (no cloak)
rCorr   .            (no gloves)
SInv    .            (no boots)
Will    .....        (no amulet)
Stlth   ++++         (no ring)
HPRegen 0.25/turn    (no ring)
MPRegen 0.10/turn

%: no passive effects
@: no status effects
A: small, no large weapons, nightstalker 3
a: no special abilities


You were on level 4 of the Dungeon.
You visited 1 branch of the dungeon, and saw 4 of its levels.

You collected 160 gold pieces.

Inventory:

Hand Weapons
 a - a +1 sling (weapon)
 k - a +0 dagger
Missiles
 j - 5 stones
 n - 2 boomerangs
Armour
 c - a +0 robe (worn)
Jewellery
 l - a +6 ring of intelligence
 m - a ring of magical power
Scrolls
 b - a scroll of poison
 d - 2 scrolls of teleportation {unknown}
 e - a scroll of enchant weapon {unknown}
 h - 2 scrolls of identify {unknown}
 q - a scroll of noise {unknown}
 r - a scroll of blinking {unknown}
Potions
 f - 2 potions of curing {unknown}
 g - a potion of heal wounds {unknown}
 i - a potion of degeneration {unknown}
 o - a potion of mutation {unknown}
 p - a potion of magic {unknown}


   Skills:
 + Level 2.9 Fighting
 + Level 1.8 Short Blades
 + Level 4.1 Ranged Weapons
 - Level 2.4 Dodging
 + Level 3.4 Stealth
 - Level 1.1 Spellcasting
 - Level 3.0 Hexes
 - Level 1.0 Fire Magic


You had 6 spell levels left.
You didn't know any spells.
Your spell library contained the following spells:

 Spells                   Type           Power      Damage    Failure   Level
 Jinxbite                 Hex            18%        N/A       12%         2
 Confusing Touch          Hex            9%         N/A       22%         3
 Sigil of Binding         Hex            9%         N/A       22%         3
 Kiss of Death            Conj/Necr      0%         2d5       26%         1
 Inner Flame              Hex/Fire       6%         N/A       34%         3
 Cause Fear               Hex            4%         N/A       58%         4
 Dimensional Bullseye     Hex/Tloc       2%         N/A       80%         4
 Dispel Undead            Necr           0%         3d6       95%         4


Dungeon Overview and Level Annotations

Branches:
Dungeon (4/15)
 Temple: D:4-7

Altars:
Elyvilon


Innate Abilities, Weirdness & Mutations

You are small and have problems with some larger weapons.
You are completely attuned to the shadows.


Message History

You start resting.
HP restored.
k - a +0 dagger (weapon)
There is a stone staircase leading up here.
The helpless bombardier beetle fails to defend itself.
You puncture the bombardier beetle!
You kill the bombardier beetle!
You have reached level 5!
You feel stronger.
Found a stone staircase leading up.
There is a stone staircase leading up here.
You climb upwards.
The gnoll hits you with a +0 whip.
The gnoll hits you from afar with a +0 spear!
The gnoll misses you. The gnoll hits you with a +0 whip.
There is a stone staircase leading down, spattered with blood here.
The gnoll barely misses you. The gnoll misses you.
The gnoll hits you with a +0 whip.
You climb downwards.
There is a stone staircase leading up here.
a - a +1 sling (weapon)
The gnoll closely misses you.
You shoot a sling bullet. The sling bullet hits the gnoll.
The gnoll is heavily wounded.
The gnoll hits you with a +0 whip. The gnoll barely misses you. x2
You shoot a sling bullet.
The sling bullet barely misses the gnoll.
The gnoll misses you. The gnoll barely misses you.
You shoot a sling bullet.
The sling bullet barely misses the gnoll.
The gnoll hits you with a +0 flail. The gnoll closely misses you.
You shoot a sling bullet.
The sling bullet hits the gnoll but does no damage.
The gnoll is heavily wounded.
The gnoll barely misses you. x2
You shoot a sling bullet. The sling bullet hits the gnoll.
The gnoll is almost dead.
The gnoll closely misses you. The gnoll hits you with a +0 whip!
* * * LOW HITPOINT WARNING * * *
The gnoll hits you with a +0 flail!
You die...

## ####.#
#... #....#
#>.. #†...#
#.. #......
##..##......
.....@g.....
.....g.....<
...........
##..###..##
#.. ###


You could see 2 gnolls.

Vanquished Creatures
  A bombardier beetle (D:4)
  An adder (D:2)
  2 ribbon worms (D:2)
  2 dart slugs (D:1)
  5 endoplasms
  3 giant cockroaches
  3 goblins (D:1)
  3 hobgoblins
  6 kobolds
  A quokka (D:2)
  4 ball pythons
  3 bats
  5 frilled lizards
  4 rats
43 creatures vanquished.

Notes
Turn   | Place    | Note
-------+----------+-------------------------------------------
     0 | D:1      | Bobbunny the Kobold Hexslinger began the quest for the Orb.
     0 | D:1      | Reached XP level 1. HP: 12/12 MP: 2/2
   120 | D:1      | Reached skill level 3 in Ranged Weapons
   120 | D:1      | Reached skill level 1 in Stealth
   120 | D:1      | Reached XP level 2. HP: 16/16 MP: 3/3
   233 | D:1      | Reached XP level 3. HP: 21/21 MP: 4/4
   663 | D:2      | Reached XP level 4. HP: 26/27 MP: 5/5
   885 | D:2      | HP: 1/27 [ribbon worm (2)]
   888 | D:2      | Reached skill level 1 in Short Blades
  1754 | D:3      | Reached skill level 4 in Ranged Weapons
  1762 | D:3      | Found a white marble altar of Elyvilon.
  1925 | D:4      | Reached XP level 5. HP: 32/32 MP: 6/6
  1938 | D:4      | Slain by a gnoll

Illustrated notes

Levels and vault maps discovered:
D:1:      nzn_arrival_depleted_hourglass, layout_basic
D:2:      layout_loops_ring, minmay_distorted
D:3:      layout_basic, nicolae_overflow_hidden_temple, elyvilon_altar_3,
          lemuel_tele_altar
D:4:      layout_gridville, okawaru_ov_weapons_minmay, uniq_robin

Skill      XL: |  1  2  3  4 |
---------------+-------------+-----
Ranged Weapons | 3 4 |  4.1
Stealth        | 1 2 3 |  3.4
Fighting       | 2 |  2.9
Short Blades   | 1 |  1.8
Dodging        | |  2.4
Spellcasting   | |  1.1
Hexes          | |  3.0
Fire Magic     | |  1.0

Action                     |  1- 3 |  4- 6 || total
---------------------------+-------+-------++-------
  Melee: Dagger            |    11 |    27 ||    38
   Fire: Sling             |    66 |    49 ||   115
   Stab: Sleeping          |       |     5 ||     5
 Armour: Robe              |    14 |    32 ||    46
  Dodge: Dodged            |    43 |    45 ||    88

Table legend: (Time is in decaauts)
 A = Elapsed time spent in this place.
 B = Non-inter-level travel time spent in this place.
 C = Inter-level travel time spent in this place.
 D = Time resting spent in this place.
 E = Time spent auto-exploring this place.
 F = Levels seen in this place.
 G = Mean time per level.
                   A        B        C        D        E       F      G
               +--------+--------+--------+--------+--------+-----+--------+
         Total |   1958 |   1884 |     74 |    277 |   1299 |   4 |  489.5 |
       Dungeon |   1958 |   1884 |     74 |    277 |   1299 |   4 |  489.5 |
               +--------+--------+--------+--------+--------+-----+--------+

Top non-repeatable levels by time:
     D:2: 1011 daAuts
     D:1: 671 daAuts
     D:3: 199 daAuts
     D:4: 75 daAuts
